cohdb
Replays
Latest Replays
All Replays
Popular Replays
Top Player Replays
Match Explorer
How It Works
Community
CoH3 Stats
Reddit
Sign in to upload your games and track your stats! →
Sign in with Steam
Match 41967087
Unlisted
Match 41967087
Overview
Messages
Build Orders
End
Construct Section Command Post
Infantry Section
Infantry Section
ML 3-inch Mortar Team
Grenade Package
Vickers Machine Gun Team
Selects Heavy Armor Battlegroup
Selects Rigorous Vehicle Training
Construct Platoon Command Post
Selects Forward Repair Assembly
Construct Field Infirmary
6-pounder Anti-tank Gun Team
Unlock M3 Stuart Light Tanks
AI Takeover
[LIVO]TheSorrow
Slamdrew
ConcernedApe
infarkt48
0
0
Comments
sign in to comment!
No comments posted yet!